 Dungeon Sprint DCSS version 0.15-a0-1569-gdbe329f (webtiles) character file.

12342 BluebellGnoll the Brawler (level 11, -12/122 HPs)
             Began as a Troll Hunter on June 18, 2014.
             Was the Champion of Jiyva.
             Killed from afar by a tengu reaver (59 damage)
             ... with a fireball
             ... in the Dungeon (Sprint IX: "|||||||||||||||||||||||||||||").
             The game lasted 00:48:54 (2933 turns).

BluebellGnoll the Brawler (Troll Hunter)            Turns: 2933, Time: 00:48:55

HP -12/122       AC 10     Str 16      XL: 11   Next: 61%
MP  17/17        EV 16     Int 16      God: Jiyva [******]
Gold 328         SH  0     Dex 18      Spells:  0 memorised, 10 levels left

rFire  . . .     SeeInvis .       - Unarmed
rCold  . . .     Clarity  +     z - +2 robe {Archmagi}
rNeg   . . .     rCorr    +     (shield restricted)
rPois  .         rRot     .     (helmet restricted)
rElec  .         Spirit   .     y - +2 cloak
SustAb .         Warding  .     (gloves unavailable)
rMut   .         NoTele   +     (boots unavailable)
Gourm  +                        (no amulet)
MR     .....                    p - +3 ring of dexterity
                                q - +3 ring of intelligence

@: not resistant to hostile enchantments, unstealthy
A: unfitting armour, antennae 1, claws 3, talons 1, blurry vision 1, clarity,
clever 1, fast metabolism 3, gourmand, sense surroundings 1, regeneration 2,
saprovore 2, shaggy fur 1, tough skin 2, eyeballs 2, gelatinous body 1,
pseudopods 1, translucent skin 1, evolution 1, jelly sensing items
a: Request Jelly, Jelly Paralyse, Slimify, Cure Bad Mutation, Renounce Religion


You were in the Dungeon.
You worshipped Jiyva.
Jiyva was exalted by your worship.
You were full.

You visited 1 branch You collected 1661 gold pieces.
You spent 1333 gold pieces at shops.

Inventory:

Hand weapons
 o - the +2 scimitar of Istrar {drain, rElec rC+}
   (You found it in the Dungeon)

   A truly terrible weapon, it drains the life of those it strikes.
   It protects you from cold.
   It insulates you from electricity.
Missiles
 c - a throwing net (quivered)
Armour
 y - a +2 cloak (worn)
 z - a +2 robe of the Archmagi (worn)
Magical devices
 n - a wand of fire (3)
Comestibles
 a - 14 meat rations
 w - 40 fruits
 x - 12 bread rations
Scrolls
 j - 3 scrolls of blinking
 l - 5 scrolls of remove curse
 m - 2 scrolls of amnesia
 v - 2 scrolls of enchant armour
Jewellery
 p - a +3 ring of dexterity (right claw)
 q - a +3 ring of intelligence (left claw)
Potions
 e - 6 potions of curing
 f - 6 potions of heal wounds
 g - a potion of haste
 h - 4 potions of magic
 i - a potion of berserk rage
 k - 2 potions of invisibility
 r - a potion of brilliance
 s - 2 potions of might
 t - a potion of cure mutation
 A - a potion of resistance
Miscellaneous
 u - a box of beasts {used: 1}
 C - a sack of spiders
Rods
 B - a +0 rod of inaccuracy (9/9)
   (You bought it in a shop in the Dungeon)


   Skills:
 - Level 11.6 Fighting
 - Level 3.6 Throwing
 - Level 8.7 Dodging
 - Level 0.4 Stealth
 + Level 20.7 Unarmed Combat
 - Level 7.2 Evocations


You had 10 spell levels left.
You didn't know any spells.

Dungeon Overview and Level Annotations

Branches:
Dungeon (1/1)

Altars:
Cheibriados
Dithmenos
Elyvilon
Fedhas
Gozag
Kikubaaqudgha
Makhleb
Nemelex Xobeh
Okawaru
Qazlal
Sif Muna
Trog
Vehumet
Xom
Yredelemnul
Zin
The Shining One
Beogh
Jiyva
Lugonu

Shops:
D [}[!

Annotations:
D Jory


Innate Abilities, Weirdness & Mutations

You are too large for most types of armour.
You have claws for hands.
Your metabolism is lightning-fast.
You like to eat raw meat.
You heal very quickly.
You can eat rotten meat.
You are covered in fur (AC +1).
You have very tough skin (AC +2).
You have a pair of small antennae on your head.
You have sharp toenails.
Your vision is a little blurry.
You possess an exceptional clarity of mind.
Your mind is acute. (Int +2)
You passively map a small area around you.
Your body is mostly covered in golden eyeballs (Acc +5).
Your rubbery body absorbs attacks (AC +1).
Armour fits poorly on your pseudopods.
Your skin is partially translucent.
You evolve.
You have a small jelly attached to you that senses nearby items.


Message History

Aim: a tengu reaver, wielding a war axe of draining, wearing a runed scale mail and wearing a buckler (almost dead)
You throw a large rock. The tengu reaver blocks the large rock.
The tengu reaver points at you and mumbles some strange words.
The fireball explodes!
The fireball engulfs you!
Throwing (i - inventory. (,) - cycle):
b - a large rock (quivered)
Press: ? - help, Shift-Dir - straight line, f/p - tengu reaver
Aim: a tengu reaver, wielding a war axe of draining, wearing a runed scale mail and wearing a buckler (almost dead)
You throw a large rock. The tengu reaver blocks the large rock.
The tengu reaver gestures at you while chanting.
The fireball explodes!
The fireball engulfs you!
Throwing (i - inventory):
c - 2 throwing nets (quivered)
Press: ? - help, Shift-Dir - straight line, f/p - tengu reaver
Aim: a tengu reaver, wielding a war axe of draining, wearing a runed scale mail and wearing a buckler (almost dead)
You throw a throwing net.
The throwing net closely misses the tengu reaver.
The throwing net hits the battlesphere.
The net passes right through the battlesphere!
The tengu reaver points at you and mumbles some strange words.
The fireball explodes!
The fireball engulfs you!
You die...

.................................
▓▓▓▓▓▓▓▓▓▓▓▓▓▓▓▓▓▓▓▓▓▓▓▓▓▓▓▓▓▓▓▓▓
J.....[..........'...............
▓▓▓▓▓▓▓▓▓▓▓▓▓▓▓▓▓▓▓▓▓▓▓▓▓▓▓▓▓▓▓▓▓
.................................
▓▓▓▓▓▓▓▓▓▓♣♣♣♣♣♣♣♣♣♣▓▓▓▓▓▓▓▓▓▓▓▓▓
'.........'......{...{{.{{{{..'..
▓▓▓▓▓▓▓▓▓▓♣♣♣♣♣♣♣♣♣♣▓▓▓▓▓▓▓▓▓▓▓▓▓
.*.*.....((*Q...@...............J
▓▓▓▓▓▓▓▓▓▓▓▓▓▓▓▓▓▓▓▓▓▓▓▓▓▓▓▓▓▓▓▓▓
. ,{{{{{{{


{{{{{{{{{{{{{{{{{{{{{ ▓ ** * * * * * * , , , ** * * * * * * * * ∆∆∆ ∆∆∆∆∆∆
∆∆∆∆∆∆ ∆∆∆∆∆∆∆ + * * * , You could see a tengu reaver.

Vanquished Creatures
  A rakshasa (D)
  An ogre mage (D)
  An alligator (D)
  An orc high priest (D)
  2 centaur warriors (D)
  A water nymph (D)
  An orc knight (D)
  2 lindwurms (D)
  A griffon (D)
  A cyclops (D)
  A black mamba (D)
  2 deep elf magi (D)
  2 bog bodies (D)
  A redback (D)
  A wraith (D)
  An ugly thing (D)
  Grum (D)
  3 wolves (D)
  2 hippogriffs (D)
  A water moccasin (D)
  A swamp drake (D)
  3 porcupines (D)
  An ice beast (D)
  3 crocodiles (D)
  7 orc warriors (D)
  A big kobold (D)
  2 giant frogs (D)
  A brain worm (D)
  4 orc priests (D)
  A hound (D)
  2 worker ants (D)
  2 orc wizards (D)
  An iguana (D)
  A sheep (D)
  2 adders (D)
  A shadow imp (D)
  3 worms (D)
  An orc zombie (D)
  A giant gecko (D)
  10 orcs (D)
  3 bats (D)
  A giant cockroach (D)
  A kobold (D)
  2 quokkas (D)
  2 rats (D)
84 creatures vanquished.

Vanquished Creatures (collateral kills)
  A rakshasa (D)
1 creature vanquished.

Vanquished Creatures (others)
  3 acid blobs (D)
  A stone giant (D)
  A death ooze (D)
  A great orb of eyes (D)
  3 fire dragons (D)
  A naga warrior (D)
  A hydra (D)
  An anaconda (D)
  A centaur warrior (D)
  A water nymph (D)
  2 hill giants (D)
  A naga ritualist (D)
  A wolf spider (D)
  A salamander (D)
  A black mamba (D)
  A demonic crawler (D)
  8 slime creatures (D)
  A giant leech (D)
  A raven (D)
  A boulder beetle (D)
  A trapdoor spider (D)
  8 orc warriors (D)
  2 redbacks (D)
  An ice beast (D)
  An ogre (D)
  A boggart (D)
  19 jellies (D)
  A brain worm (D)
  A shadow imp (D)
  A worm (D)
  A chimera (D)
  A rat (D)
70 creatures vanquished.

Grand Total: 155 creatures vanquished

Notes
Turn   | Place    | Note
--------------------------------------------------------------
     0 | D        | BluebellGnoll, the Troll Hunter, began the quest for the Orb.
     0 | D        | Reached XP level 1. HP: 19/19 MP: 1/1
    41 | D        | Noticed an orc priest
    41 | D        | Noticed a worker ant
    41 | D        | Noticed an iguana
    46 | D        | Killed an orc priest
    46 | D        | Reached skill level 6 in Unarmed Combat
    46 | D        | Reached XP level 2. HP: 24/27 MP: 1/1
    46 | D        | Reached XP level 3. HP: 29/33 MP: 2/2
    52 | D        | Killed a worker ant
    52 | D        | Reached skill level 7 in Unarmed Combat
    57 | D        | Reached skill level 8 in Unarmed Combat
    57 | D        | Reached XP level 4. HP: 31/41 MP: 2/2
    60 | D        | Killed an iguana
   101 | D        | Found a glowing silver altar of Zin.
   101 | D        | Found a glowing golden altar of the Shining One.
   101 | D        | Found an ancient bone altar of Kikubaaqudgha.
   101 | D        | Found a basalt altar of Yredelemnul.
   101 | D        | Found a shimmering altar of Xom.
   101 | D        | Found a radiant altar of Vehumet.
   101 | D        | Found an iron altar of Okawaru.
   102 | D        | Found a burning altar of Makhleb.
   103 | D        | Found a deep blue altar of Sif Muna.
   104 | D        | Found a bloodstained altar of Trog.
   105 | D        | Found a sparkling altar of Nemelex Xobeh.
   106 | D        | Found a white marble altar of Elyvilon.
   107 | D        | Found a roughly hewn altar of Beogh.
   108 | D        | Found a viscous altar of Jiyva.
   109 | D        | Found a corrupted altar of Lugonu.
   110 | D        | Found a blossoming altar of Fedhas.
   111 | D        | Found a snail-covered altar of Cheibriados.
   112 | D        | Found a shadowy altar of Dithmenos.
   113 | D        | Found a stormy altar of Qazlal.
   114 | D        | Found an opulent altar of Gozag.
   117 | D        | Became a worshipper of Jiyva Jolagarph the Shapeless
   175 | D        | Got the +2 scimitar of Istrar {drain, rElec rC+}
   282 | D        | Acquired Jiyva's first power
   283 | D        | Acquired Jiyva's second power
   283 | D        | Gained mutation: Your muscles are strong. (Str +2) [Jiyva's grace]
   283 | D        | Acquired Jiyva's third power
   283 | D        | Gained mutation: You are robust (+10% HP). [Jiyva's grace]
   283 | D        | Acquired Jiyva's fourth power
   283 | D        | Lost mutation: You are robust (+10% HP). [Jiyva's grace]
   288 | D        | Gained mutation: Your spells are a little easier to cast, but a little less powerful. [Jiyva's grace]
   295 | D        | Noticed an ogre
   295 | D        | Noticed a wraith
   295 | D        | Noticed a big kobold
   298 | D        | Killed an ogre
   319 | D        | Killed a wraith
   319 | D        | Reached skill level 9 in Unarmed Combat
   326 | D        | Killed a big kobold
   326 | D        | Reached skill level 11 in Unarmed Combat
   326 | D        | Reached XP level 5. HP: 26/48 MP: 2/2
   353 | D        | Gained mutation: You have a pair of small horns on your head. [Jiyva's grace]
   363 | D        | Noticed a centaur warrior
   363 | D        | Noticed a centaur warrior
   363 | D        | Noticed an ice beast
   363 | D        | Noticed an orc warrior
   363 | D        | Noticed a worker ant
   363 | D        | Noticed a deep elf mage
   368 | D        | Killed a centaur warrior
   368 | D        | Reached skill level 15 in Unarmed Combat
   368 | D        | Reached XP level 6. HP: 35/55 MP: 3/3
   368 | D        | Reached XP level 7. HP: 39/62 MP: 3/3
   374 | D        | Killed a centaur warrior
   374 | D        | Reached skill level 17 in Unarmed Combat
   374 | D        | Reached XP level 8. HP: 18/70 MP: 3/3
   564 | D        | Killed an ice beast
   569 | D        | Killed an orc warrior
   572 | D        | Killed a worker ant
   576 | D        | Killed a deep elf mage
   591 | D        | Gained mutation: You have a small jelly attached to you that senses nearby items. [Jiyva's grace]
   595 | D        | Gained mutation: You have very sharp teeth. [Jiyva's grace]
   614 | D        | Gained mutation: Your body is partially covered in golden eyeballs (Acc +3). [Jiyva's grace]
   667 | D        | Noticed a wolf
   676 | D        | Killed a wolf
   678 | D        | Noticed Grum
   680 | D        | Noticed a wolf
   681 | D        | Noticed a wolf
   682 | D        | Killed Grum
   682 | D        | Reached skill level 5 in Dodging
   682 | D        | Reached XP level 9. HP: 77/87 MP: 4/4
   685 | D        | Killed a wolf
   685 | D        | Reached skill level 5 in Fighting
   687 | D        | Killed a wolf
   707 | D        | Lost mutation: You have very sharp teeth. [Jiyva's grace]
   860 | D        | Noticed a porcupine
   860 | D        | Noticed a porcupine
   860 | D        | Noticed a hound
   860 | D        | Noticed a crocodile
   860 | D        | Noticed a crocodile
   863 | D        | Killed a porcupine
   866 | D        | Killed a porcupine
   868 | D        | Killed a hound
   869 | D        | Killed a crocodile
   882 | D        | Killed a crocodile
   884 | D        | Noticed an eight-headed hydra
   886 | D        | Gained mutation: You are partially covered in thin metallic scales (AC +2). [Jiyva's grace]
   886 | D        | Gained mutation: You can spit poison. [Jiyva's grace]
   888 | D        | Gained mutation: Your spells are easier to cast, but less powerful. [Jiyva's grace]
   897 | D        | Killed a nine-headed hydra
   904 | D        | Gained mutation: Your body is mostly covered in golden eyeballs (Acc +5). [Jiyva's grace]
  1007 | D        | Noticed a black mamba
  1007 | D        | Noticed a hippogriff
  1007 | D        | Noticed a porcupine
  1007 | D        | Noticed a crocodile
  1011 | D        | Noticed a water moccasin
  1012 | D        | Noticed a hippogriff
  1014 | D        | Killed a black mamba
  1017 | D        | Killed a hippogriff
  1020 | D        | Killed a porcupine
  1022 | D        | Killed a crocodile
  1030 | D        | Killed a water moccasin
  1031 | D        | Killed a hippogriff
  1031 | D        | Reached XP level 10. HP: 30/106 MP: 1/4
  1034 | D        | Gained mutation: You are resistant to hostile enchantments. [Jiyva's grace]
  1034 | D        | Gained mutation: You have large cloven feet. [Jiyva's grace]
  1035 | D        | Gained mutation: You are partially covered in large bone plates (AC +2, SH +2). [Jiyva's grace]
  1040 | D        | Lost mutation: Your muscles are strong. (Str +2) [Jiyva's grace]
  1261 | D        | Noticed a lindwurm
  1261 | D        | Noticed a brain worm
  1261 | D        | Noticed a lindwurm
  1272 | D        | Killed a lindwurm
  1275 | D        | Killed a brain worm
  1281 | D        | Killed a lindwurm
  1281 | D        | Reached skill level 10 in Fighting
  1337 | D        | Gained mutation: Your vision is a little blurry. [Jiyva's grace]
  1425 | D        | Noticed an orc wizard
  1425 | D        | Noticed an orc priest
  1425 | D        | Noticed an orc wizard
  1425 | D        | Noticed an orc warrior
  1425 | D        | Noticed an orc high priest
  1428 | D        | an orc wizard changed into a jelly
  1432 | D        | Killed an orc priest
  1432 | D        | Killed an orc wizard
  1435 | D        | Killed an orc high priest
  1436 | D        | Killed an orc warrior
  1437 | D        | Noticed an orc priest
  1439 | D        | Noticed an orc wizard
  1442 | D        | Gained mutation: Your rubbery body absorbs attacks (AC +1). [Jiyva's grace]
  1444 | D        | Killed an orc priest
  1446 | D        | Lost mutation: You are partially covered in thin metallic scales (AC +2). [Jiyva's grace]
  1449 | D        | Killed an orc wizard
  1462 | D        | Lost mutation: You are resistant to hostile enchantments. [Jiyva's grace]
  1463 | D        | Lost mutation: You can spit poison. [Jiyva's grace]
  1466 | D        | Gained mutation: You can spit poison. [Jiyva's grace]
  1477 | D        | Noticed an orc priest
  1477 | D        | Noticed an orc warrior
  1477 | D        | Noticed an orc warrior
  1477 | D        | Noticed an orc warrior
  1477 | D        | Noticed an orc knight
  1482 | D        | Noticed an orc warrior
  1485 | D        | Killed an orc warrior
  1485 | D        | Reached skill level 1 in Evocations
  1486 | D        | Noticed an orc warrior
  1486 | D        | Gained mutation: Your mind is acute. (Int +2) [Jiyva's grace]
  1486 | D        | Lost mutation: You have a small jelly attached to you that senses nearby items. [Jiyva's grace]
  1488 | D        | Gained mutation: Thin tendrils of slime have grown from your body. [Jiyva's grace]
  1488 | D        | Gained mutation: Your mind is very acute. (Int +4) [Jiyva's grace]
  1504 | D        | Noticed an acid blob
  1504 | D        | an orc knight changed into an acid blob
  1505 | D        | Lost mutation: Your spells are easier to cast, but less powerful. [Jiyva's grace]
  1505 | D        | Lost mutation: Thin tendrils of slime have grown from your body. [Jiyva's grace]
  1505 | D        | Killed an orc warrior
  1508 | D        | Killed an orc warrior
  1511 | D        | Noticed an orc warrior
  1511 | D        | Killed an orc warrior
  1514 | D        | Killed an orc warrior
  1516 | D        | Killed an orc priest
  1524 | D        | Killed an orc warrior
  1531 | D        | Gained mutation: You have a pair of horns on your head. [Jiyva's grace]
  1531 | D        | Lost mutation: Your spells are a little easier to cast, but a little less powerful. [Jiyva's grace]
  1533 | D        | Lost mutation: You have a pair of horns on your head. [Jiyva's grace]
  1533 | D        | Gained mutation: Your muscles are strong. (Str +2) [Jiyva's grace]
  1534 | D        | Lost mutation: Your muscles are strong. (Str +2) [Jiyva's grace]
  1534 | D        | Lost mutation: You have a pair of small horns on your head. [Jiyva's grace]
  1534 | D        | Lost mutation: Your body is mostly covered in golden eyeballs (Acc +5). [Jiyva's grace]
  1534 | D        | Lost mutation: Your body is partially covered in golden eyeballs (Acc +3). [Jiyva's grace]
  1535 | D        | Gained mutation: Your body is slowly deteriorating. [Jiyva's grace]
  1537 | D        | Gained mutation: Thin tendrils of slime have grown from your body. [Jiyva's grace]
  1538 | D        | Lost mutation: You can spit poison. [Jiyva's grace]
  1543 | D        | Lost mutation: Your vision is a little blurry. [Jiyva's power]
  1545 | D        | Gained mutation: You can spit poison. [Jiyva's grace]
  1546 | D        | Lost mutation: Your body is slowly deteriorating. [Jiyva's grace]
  1548 | D        | Gained mutation: You are agile. (Dex +2) [Jiyva's grace]
  1549 | D        | Gained mutation: You have a somewhat thin skeletal structure (Dex +2, Stealth). [Jiyva's grace]
  1550 | D        | Lost mutation: Your mind is very acute. (Int +4) [Jiyva's grace]
  1553 | D        | Lost mutation: Your rubbery body absorbs attacks (AC +1). [Jiyva's grace]
  1555 | D        | Lost mutation: You can spit poison. [Jiyva's grace]
  1557 | D        | Gained mutation: Your flesh is cold resistant. [Jiyva's grace]
  1558 | D        | Lost mutation: You have large cloven feet. [Jiyva's grace]
  1560 | D        | Gained mutation: You can spit poison. [Jiyva's grace]
  1565 | D        | Lost mutation: You can spit poison. [Jiyva's grace]
  1568 | D        | Lost mutation: Your flesh is cold resistant. [Jiyva's grace]
  1571 | D        | Lost mutation: Thin tendrils of slime have grown from your body. [Jiyva's grace]
  1573 | D        | Gained mutation: You are partially covered in molten scales (AC +1). [Jiyva's grace]
  1575 | D        | Gained mutation: Your muscles are strong. (Str +2) [Jiyva's grace]
  1584 | D        | Lost mutation: You are partially covered in large bone plates (AC +2, SH +2). [Jiyva's grace]
  1587 | D        | Found Sheps' Antique Armour Emporium.
  1587 | D        | Noticed an orc knight
  1587 | D        | Noticed an orc knight
  1587 | D        | Noticed an orc warrior
  1587 | D        | Noticed an orc warrior
  1587 | D        | Noticed an orc warrior
  1587 | D        | Noticed an orc knight
  1589 | D        | an orc knight changed into a slime creature
  1590 | D        | Gained mutation: You can breathe flames. [Jiyva's grace]
  1593 | D        | Gained mutation: You passively map a small area around you. [Jiyva's grace]
  1601 | D        | Noticed an orc knight
  1604 | D        | an orc knight changed into a slime creature
  1610 | D        | Noticed an orc warrior
  1612 | D        | Noticed an orc knight
  1618 | D        | Killed an orc knight
  1620 | D        | an orc knight changed into a slime creature
  1621 | D        | Gained mutation: You can spit poison. [Jiyva's grace]
  1621 | D        | Gained mutation: You have acidic saliva. [Jiyva's grace]
  1624 | D        | Lost mutation: You have acidic saliva. [Jiyva's grace]
  1631 | D        | Killed an orc warrior
  1636 | D        | Killed an orc warrior
  1642 | D        | an orc knight changed into a slime creature
  1643 | D        | Lost mutation: You can spit poison. [Jiyva's grace]
  1643 | D        | Gained mutation: You can spit poison. [Jiyva's grace]
  1648 | D        | Killed an orc warrior
  1651 | D        | Killed an orc warrior
  1652 | D        | Found Twoluzog's Gadget Shoppe.
  1655 | D        | Found Cicoin's Antique Armour Emporium.
  1656 | D        | Lost mutation: Your mind is acute. (Int +2) [Jiyva's grace]
  1658 | D        | Gained mutation: Your spells are a little harder to cast, but a little more powerful. [Jiyva's grace]
  1658 | D        | Gained mutation: Your body is partially covered in golden eyeballs (Acc +3). [Jiyva's grace]
  1659 | D        | Found Sexzok's Distillery.
  1659 | D        | Lost mutation: You can spit poison. [Jiyva's grace]
  1660 | D        | Lost mutation: You have a somewhat thin skeletal structure (Dex +2, Stealth). [Jiyva's grace]
  1663 | D        | Noticed an orc knight
  1664 | D        | Noticed an orc warrior
  1666 | D        | Noticed an orc warrior
  1668 | D        | Noticed an orc warrior
  1669 | D        | Noticed an azure jelly
  1669 | D        | an orc knight changed into an azure jelly
  1671 | D        | Gained mutation: You have sharp toenails. [Jiyva's grace]
  1671 | D        | Killed an orc warrior
  1674 | D        | Killed an orc warrior
  1676 | D        | Killed an orc warrior
  1682 | D        | Lost mutation: You passively map a small area around you. [Jiyva's grace]
  1682 | D        | Gained mutation: You are very agile. (Dex +4) [Jiyva's grace]
  1684 | D        | Lost mutation: You are very agile. (Dex +4) [Jiyva's grace]
  1684 | D        | Gained mutation: You have a small jelly attached to you that senses nearby items. [Jiyva's grace]
  1685 | D        | Gained mutation: You can spit poison. [Jiyva's grace]
  1685 | D        | Lost mutation: Your spells are a little harder to cast, but a little more powerful. [Jiyva's grace]
  1690 | D        | Bought a runed robe for 13 gold pieces
  1697 | D        | Bought a potion of resistance for 70 gold pieces
  1697 | D        | Bought a potion of invisibility for 55 gold pieces
  1697 | D        | Bought a potion of might for 25 gold pieces
  1702 | D        | Bought a +0 rod of inaccuracy (9/9) for 910 gold pieces
  1702 | D        | Bought a sack of spiders for 260 gold pieces
  1805 | D        | Gained mutation: You possess an exceptional clarity of mind. [Jiyva's grace]
  1805 | D        | Lost mutation: You are partially covered in molten scales (AC +1). [Jiyva's grace]
  1808 | D        | Gained mutation: Your flesh is cold resistant. [Jiyva's grace]
  1812 | D        | Lost mutation: You are agile. (Dex +2) [Jiyva's grace]
  1825 | D        | Lost mutation: You have a small jelly attached to you that senses nearby items. [Jiyva's grace]
  1834 | D        | Lost mutation: You possess an exceptional clarity of mind. [Jiyva's grace]
  1834 | D        | Lost mutation: You can breathe flames. [Jiyva's grace]
  1835 | D        | Gained mutation: You can translocate small distances at will. [Jiyva's grace]
  1836 | D        | Gained mutation: Your rubbery body absorbs attacks (AC +1). [Jiyva's grace]
  1839 | D        | Lost mutation: You can spit poison. [Jiyva's grace]
  1842 | D        | Noticed a giant frog
  1842 | D        | Noticed a cyclops
  1842 | D        | Noticed a cyan ugly thing
  1842 | D        | Noticed a catoblepas
  1842 | D        | Noticed a brain worm
  1842 | D        | Noticed a hill giant
  1843 | D        | Gained mutation: Your muscles are very strong. (Str +4) [Jiyva's grace]
  1844 | D        | Killed a giant frog
  1844 | D        | Killed a cyclops
  1844 | D        | Reached skill level 5 in Evocations
  1850 | D        | Lost mutation: Your flesh is cold resistant. [Jiyva's grace]
  1852 | D        | Lost mutation: Your rubbery body absorbs attacks (AC +1). [Jiyva's grace]
  1852 | D        | Gained mutation: You have a small jelly attached to you that may absorb incoming projectiles. [Jiyva's grace]
  1856 | D        | Noticed an ice beast
  1869 | D        | Noticed a boggart
  1869 | D        | Killed a cyan ugly thing
  1872 | D        | Noticed an acid blob
  1872 | D        | a catoblepas changed into an acid blob
  1873 | D        | Killed a brain worm
  1875 | D        | Killed a hill giant
  1877 | D        | Killed an ice beast
  1877 | D        | Killed a boggart
  1879 | D        | Lost mutation: You have sharp toenails. [Jiyva's grace]
  1885 | D        | Noticed a rakshasa
  1888 | D        | Noticed a tengu warrior
  1889 | D        | Noticed a great orb of eyes
  1896 | D        | a tengu warrior changed into a slime creature
  1896 | D        | Killed a great orb of eyes
  1896 | D        | Lost mutation: Your muscles are very strong. (Str +4) [Jiyva's grace]
  1897 | D        | Noticed a fire dragon
  1908 | D        | a tengu warrior changed into a slime creature
  1916 | D        | Noticed a centaur warrior
  1922 | D        | Killed a rakshasa
  1929 | D        | Killed a fire dragon
  1930 | D        | Killed a centaur warrior
  1932 | D        | Lost mutation: Your muscles are strong. (Str +2) [Jiyva's grace]
  1936 | D        | Lost mutation: You can translocate small distances at will. [Jiyva's grace]
  1939 | D        | Gained mutation: You possess an exceptional clarity of mind. [Jiyva's grace]
  1969 | D        | Killed a hill giant
  1970 | D        | Gained mutation: You are surrounded by a mild repulsion field (EV +2). [Jiyva's grace]
  2060 | D        | Noticed Jory
  2065 | D        | Noticed Jory
  2065 | D        | Jory changed into Jory the death ooze
  2065 | D        | Gained mutation: Your flesh is cold resistant. [Jiyva's grace]
  2147 | D        | Noticed a faun
  2147 | D        | Noticed a griffon
  2147 | D        | Noticed a siren
  2147 | D        | Noticed a water nymph
  2147 | D        | Noticed a water nymph
  2150 | D        | Killed a griffon
  2150 | D        | Reached XP level 11. HP: 122/122 MP: 17/17
  2153 | D        | Noticed a water nymph
  2154 | D        | a faun changed into a slime creature
  2155 | D        | Gained mutation: Your rubbery body absorbs attacks (AC +1). [Jiyva's grace]
  2156 | D        | Gained mutation: Your body is mostly covered in golden eyeballs (Acc +5). [Jiyva's grace]
  2157 | D        | Killed a water nymph
  2166 | D        | Killed a water nymph
  2169 | D        | a water nymph changed into a slime creature
  2170 | D        | Lost mutation: You are surrounded by a mild repulsion field (EV +2). [Jiyva's grace]
  2188 | D        | Noticed an azure jelly
  2188 | D        | a siren changed into an azure jelly
  2259 | D        | Noticed a redback
  2259 | D        | Noticed a wolf spider
  2259 | D        | Noticed a redback
  2259 | D        | Noticed a wolf spider
  2259 | D        | Noticed a jumping spider
  2259 | D        | Noticed a boulder beetle
  2261 | D        | Killed a redback
  2261 | D        | Reached skill level 18 in Unarmed Combat
  2262 | D        | Noticed a redback
  2264 | D        | Noticed an azure jelly
  2264 | D        | a wolf spider changed into an azure jelly
  2267 | D        | Killed a wolf spider
  2267 | D        | Killed a redback
  2268 | D        | Noticed an azure jelly
  2268 | D        | a jumping spider changed into an azure jelly
  2270 | D        | Killed a boulder beetle
  2271 | D        | Killed a redback
  2273 | D        | Gained mutation: Your vision is a little blurry. [Jiyva's grace]
  2274 | D        | Noticed a demonic crawler
  2276 | D        | Gained mutation: You passively map a small area around you. [Jiyva's grace]
  2284 | D        | Killed a demonic crawler
  2285 | D        | Lost mutation: You have a small jelly attached to you that may absorb incoming projectiles. [Jiyva's grace]
  2287 | D        | Killed a trapdoor spider
  2294 | D        | Noticed a spiny frog
  2294 | D        | Noticed a five-headed hydra
  2294 | D        | Noticed a swamp drake
  2294 | D        | Noticed a giant leech
  2294 | D        | Noticed a raven
  2294 | D        | Noticed a bog body
  2294 | D        | Noticed a bog body
  2295 | D        | a spiny frog changed into a jelly
  2297 | D        | a five-headed hydra changed into a slime creature
  2298 | D        | Noticed an alligator
  2300 | D        | Killed a swamp drake
  2301 | D        | Noticed a giant frog
  2301 | D        | Killed a raven
  2314 | D        | Killed a giant leech
  2318 | D        | Killed a bog body
  2323 | D        | Killed a bog body
  2331 | D        | Killed an alligator
  2333 | D        | Killed a giant frog
  2447 | D        | Noticed a water moccasin
  2447 | D        | Noticed a guardian serpent
  2447 | D        | Noticed a naga warrior
  2447 | D        | Noticed a naga warrior
  2447 | D        | Noticed a black mamba
  2447 | D        | Noticed a salamander
  2447 | D        | Noticed a naga sharpshooter
  2452 | D        | Noticed an anaconda
  2453 | D        | a guardian serpent changed into a slime creature
  2455 | D        | a water moccasin changed into a jelly
  2458 | D        | Noticed a naga ritualist
  2460 | D        | Noticed an acid blob
  2460 | D        | a naga warrior changed into an acid blob
  2461 | D        | Gained mutation: You have a pair of small antennae on your head. [Jiyva's grace]
  2465 | D        | Killed a naga warrior
  2465 | D        | Reached skill level 19 in Unarmed Combat
  2466 | D        | Killed a black mamba
  2470 | D        | Gained mutation: Your skin is partially translucent. [Jiyva's grace]
  2474 | D        | Noticed an acid blob
  2474 | D        | a naga sharpshooter changed into an acid blob
  2477 | D        | Killed a salamander
  2479 | D        | Gained mutation: Armour fits poorly on your pseudopods. [Jiyva's grace]
  2480 | D        | Killed an anaconda
  2483 | D        | Killed a naga ritualist
  2486 | D        | Gained mutation: You have sharp toenails. [Jiyva's grace]
  2487 | D        | Gained mutation: You have a small jelly attached to you that senses nearby items. [Jiyva's grace]
  2647 | D        | Noticed Erica
  2657 | D        | Noticed Erica
  2660 | D        | Gained mutation: Your mind is acute. (Int +2) [Jiyva's grace]
  2734 | D        | Noticed a rakshasa
  2734 | D        | Noticed an ogre mage
  2734 | D        | Noticed a centaur warrior
  2734 | D        | Noticed a stone giant
  2734 | D        | Noticed a fire dragon
  2734 | D        | Noticed a fire giant
  2734 | D        | Noticed a deep elf mage
  2744 | D        | Killed a rakshasa
  2745 | D        | Noticed a fire dragon
  2746 | D        | a centaur warrior changed into a slime creature
  2746 | D        | Killed a stone giant
  2746 | D        | Reached skill level 20 in Unarmed Combat
  2747 | D        | Killed an ogre mage
  2748 | D        | Noticed a tengu reaver
  2829 | D        | Killed a fire dragon
  2831 | D        | Killed Erica the acid blob
  2845 | D        | Noticed an acid blob
  2845 | D        | a fire giant changed into an acid blob
  2848 | D        | Lost mutation: Your flesh is cold resistant. [Jiyva's grace]
  2848 | D        | Gained mutation: You evolve. [Jiyva's grace]
  2853 | D        | Killed a deep elf mage
  2913 | D        | Killed a fire dragon
  2916 | D        | Killed an acid blob
  2933 | D        | Killed from afar by a tengu reaver

Action                   |  1- 3 |  4- 6 |  7- 9 | 10-12 || total
-------------------------+-------+-------+-------+-------++-------
Melee: Unarmed           |    21 |    22 |    65 |   100 ||   208
       Rod               |       |       |       |    18 ||    18
Throw: Large rock        |     3 |     1 |    13 |    23 ||    40
       Throwing net      |       |       |       |     1 ||     1
Invok: Request Jelly     |       |       |     6 |     3 ||     9
       Slimify           |       |       |     1 |    27 ||    28
       Cure Bad Mutation |       |       |       |     1 ||     1
Evoke: Rod               |       |       |       |    15 ||    15
       Wand              |       |       |       |     4 ||     4
       Box of beasts     |       |       |       |     3 ||     3
  Use: Scroll            |       |       |       |     2 ||     2
       Potion            |       |       |       |     1 ||     1
 Stab: Confused          |       |       |       |     2 ||     2
       Distracted        |       |       |       |     1 ||     1
